 Dungeon Crawl Stone Soup version 0.23-a0-644-gb60d84b (webtiles) character file.

28 Borgoz the Sneak (level 3, -2/22 HPs)
             Began as a Kobold Assassin on Jan 2, 2019.
             Slain by a worm (5 damage)
             ... on level 2 of the Dungeon.
             The game lasted 00:01:23 (813 turns).

Borgoz the Sneak (Kobold Assassin)                   Turns: 813, Time: 00:01:24

Health: -2/22      AC:  3    Str:  9    XL:     3   Next: 30%
Magic:  3/3        EV: 14    Int: 12    God:
Gold:   56         SH:  0    Dex: 16    Spells: 2/2 levels left

rFire    . . .     SeeInvis .   a - +2 dagger
rCold    . . .     Gourm    .   (shield restricted)
rNeg     . . .     Faith    .   c - +0 robe
rPois    .         Spirit   .   (no helmet)
rElec    .         Reflect  .   d - +0 cloak
rCorr    .         Harm     .   (no gloves)
MR       .....                  (no boots)
Stlth    +++.......             (no amulet)
HPRegen  0.07/turn              (no ring)
MPRegen  0.08/turn              (no ring)

@: no status effects
A: small, carnivore
a: no special abilities


You were on level 2 of the Dungeon.
You were full.

You visited 1 branch of the dungeon, and saw 2 of its levels.

You collected 56 gold pieces.

Inventory:

Hand Weapons
 a - a +2 dagger (weapon)
 b - a +0 blowgun
Missiles
 e - 8 poisoned needles
 f - 2 curare-tipped needles
Armour
 c - a +0 robe (worn)
 d - a +0 cloak (worn)
Jewellery
 h - a cursed ring of teleportation {unknown}
Scrolls
 j - a scroll of teleportation {unknown}
 k - 3 scrolls of identify {unknown}
 l - 2 scrolls of enchant armour {unknown}
 m - a scroll of remove curse {unknown}
Potions
 i - a potion of magic {unknown}
Comestibles
 g - a ration


   Skills:
 + Level 2.4 Fighting
 + Level 3.0 Short Blades
 + Level 2.3 Throwing
 + Level 1.2 Dodging
 + Level 6.4 Stealth


You had 2 spell levels left.
You didn't know any spells.
Your spell library was empty.

Dungeon Overview and Level Annotations

Branches:
Dungeon (2/15)

Altars:


Innate Abilities, Weirdness & Mutations

You are small and have problems with some larger weapons.
You are carnivorous and can eat meat at any time.


Message History

The bat misses you. The giant cockroach misses you.
You hit the giant cockroach.
The giant cockroach is almost dead.
The giant cockroach barely misses you.
You hit the giant cockroach but do no damage.
The giant cockroach is almost dead.
The bat closely misses you. The giant cockroach barely misses you.
The giant cockroach waves its antennae.
The giant cockroach misses you.
You hit the giant cockroach but do no damage.
The giant cockroach is severely wounded.
The bat barely misses you.
The giant cockroach bites you but does no damage.
You hit the giant cockroach.
You kill the giant cockroach!
The bat barely misses you. The bat closely misses you.
The bat barely misses you. The bat hits you but does no damage.
The bat misses you.
You hit the worm but do no damage. The bat misses you. The worm bites you.
You die...

....# .# .....# .
.....# # #.
.....###. #.
#.######.......[
#..#.....#.........
..........)........
........b@w........
........††.†.......
......?.†#.........
...................
...................
...................
......>.<.....?....
..................)
........<#.........


You could see a worm and a bat.

Vanquished Creatures
  A dart slug (D:2)
  A leopard gecko (D:2)
  3 giant cockroaches
  4 goblins (D:1)
  4 hobgoblins
  3 kobolds (D:1)
  A quokka (D:2)
  A ball python (D:1)
  A bat (D:1)
  A frilled lizard (D:1)
  A rat (D:1)
21 creatures vanquished.

Notes
Turn   | Place    | Note
-------+----------+-------------------------------------------
     0 | D:1      | Borgoz the Kobold Assassin began the quest for the Orb.
     0 | D:1      | Reached XP level 1. HP: 12/12 MP: 1/1
   346 | D:1      | Reached XP level 2. HP: 17/17 MP: 2/2
   478 | D:1      | Reached skill level 6 in Stealth
   772 | D:2      | Reached XP level 3. HP: 22/22 MP: 3/3
   813 | D:2      | Slain by a worm

Vault maps used:
D:1:      lightli_arrival_boilingwater, minmay_cut_off
D:2:      elyvilon_altar_5, minivault_5, minmay_vboxes

Skill      XL: |  1  2  3 |
---------------+----------+-----
Stealth        | 6 |  6.4
Short Blades   | 3 |  3.0
Fighting       | |  2.4
Throwing       | |  2.3
Dodging        | |  1.2

Action                   || total
-------------------------++-------
Melee: Dagger            ||    87
 Stab: Sleeping          ||     6
  Eat: Chunk             ||     4
Armor: Robe              ||    23
Dodge: Dodged            ||   108

Table legend:
 A = Non-vault XP
 B = Vault XP
 C = Vault XP percentage of total XP
 D = Non-vault monster count
 E = Vault monster count
 F = Vault count percentage of total count
                 A         B        C        D         E       F
            +---------+---------+-------+---------+---------+-------
      Total |      40 |       1 |   2.4 |      20 |       1 |   4.8
            +---------+---------+-------+---------+---------+-------
        D:1 |      25 |       1 |   3.8 |      14 |       1 |   6.7
        D:2 |      15 |       0 |   0.0 |       6 |       0 |   0.0
            +---------+---------+-------+---------+---------+-------
